Pittsburgh Penguins vs Winnipeg Jets
Created - Wednesday, November 20, 2024 at 08:57
Goals
|
| Pittsburgh Penguins |
2 |
1 |
0 |
3 |
| Winnipeg Jets |
0 |
3 |
1 |
4 |
|
Shots
|
| Pittsburgh Penguins |
19 |
7 |
12 |
38 |
| Winnipeg Jets |
13 |
16 |
13 |
42 |
|
1st period
1. Pittsburgh Penguins , Leon Draisaitl 28 (Mattias Ekholm 21) at 2:49
2. Pittsburgh Penguins , Gabriel Vilardi 14 (James van Riemsdyk 11, Brock Faber 16) at 3:30
Penalties :
Mark Giordano (PIT) for Roughing (Minor) at 6:03, Oliver Ekman-Larsson (WPG) for Hooking (Minor) at 17:38
2nd period
3. Pittsburgh Penguins , Phillip Danault 22 (Mitchell Marner 49, Erik Karlsson 29) at 0:37 (PP)
4. Winnipeg Jets , Mason Appleton 18 (Adam Lowry 17, Andre Burakovsky 14) at 6:47
5. Winnipeg Jets , Alexis Lafreniere 23 (Connor McDavid 56, Martin Jones) at 13:19 (PP)
6. Winnipeg Jets , Joel Armia 14 (Connor Bedard 41, Andre Burakovsky 15) at 18:46 (PP)
Penalties :
Oliver Ekman-Larsson (WPG) for Hooking (Minor) at 0:27, Barclay Goodrow (WPG) for Hooking (Minor) at 1:01, Blake Coleman (PIT) for High sticking (Minor) at 7:37, Erik Gudbranson (PIT) for Cross-checking (Minor) at 12:33, Erik Karlsson (PIT) for Hooking (Minor) at 18:36, Mark Giordano (PIT) for High sticking (Minor) at 19:41
3rd period
7. Winnipeg Jets , Joel Armia 15 (Connor Bedard 42, Andre Burakovsky 16) at 19:57 (PP)
Penalties :
Blake Coleman (PIT) for Tripping (Minor) at 17:58
Goalie Stats
Marc-Andre Fleury (PIT), 38 saves from 42 shots - (0.905), L, 8-5-0, 60:00 minutes
Martin Jones (WPG), 35 saves from 38 shots - (0.921), W, 9-6-1, 60:00 minutes
Players Stats for Pittsburgh Penguins
Player Name G A P +/- PIM S H SB GA TA FO MP PP MP PK MP
------------------------------------------------------------------------------------
Blake Coleman 0 0 0 -1 4 1 1 1 0 0 0/0 16:24 1:47 0:00
Brian Dumoulin 0 0 0 0 0 2 0 0 0 0 0/0 18:17 0:00 4:35
Brock Faber 0 1 1 -1 0 0 1 0 1 2 0/0 22:50 1:45 4:25
Dylan Guenther 0 0 0 0 0 3 0 1 1 0 0/0 11:41 0:00 0:14
Erik Gudbranson 0 0 0 -1 2 1 0 0 0 1 0/0 15:36 0:00 0:00
Erik Karlsson 0 1 1 2 2 1 0 3 1 0 0/0 23:58 2:23 4:17
Gabriel Vilardi 1 0 1 1 0 2 0 0 0 0 1/2 8:17 0:00 0:00
Jake Neighbours 0 0 0 1 0 0 4 0 0 0 0/0 8:25 0:01 0:00
James van Riemsdyk 0 1 1 1 0 1 0 0 0 0 0/0 8:17 0:00 0:00
Jean-Gabriel Pageau 0 0 0 0 0 1 0 0 0 0 5/7 12:26 0:00 0:59
Jordan Eberle 0 0 0 0 0 4 0 0 0 0 0/1 11:26 0:01 0:00
Leon Draisaitl 1 0 1 1 0 4 0 0 1 2 8/20 19:10 2:20 4:20
Mark Giordano 0 0 0 0 4 1 2 1 0 0 0/0 15:15 1:45 0:00
Mattias Ekholm 0 1 1 2 0 1 2 3 0 1 0/0 24:09 2:23 4:27
Mitchell Marner 0 1 1 -1 0 7 0 1 1 1 2/5 20:07 1:48 3:33
Pavel Buchnevich 0 0 0 1 0 3 2 0 0 0 3/5 19:08 2:20 4:18
Phillip Danault 1 0 1 -1 0 2 1 1 0 1 11/18 16:26 1:47 0:00
Sam Reinhart 0 0 0 1 0 4 2 0 1 0 1/2 19:10 2:20 4:20
Players Stats for Winnipeg Jets
Player Name G A P +/- PIM S H SB GA TA FO MP PP MP PK MP
------------------------------------------------------------------------------------
Adam Lowry 0 1 1 1 0 2 2 0 0 0 10/15 13:07 0:00 1:56
Alexis Lafreniere 1 0 1 0 0 4 1 0 0 0 0/0 17:25 3:43 0:00
Andre Burakovsky 0 3 3 -1 0 4 2 0 1 1 0/1 17:15 5:09 0:00
Barclay Goodrow 0 0 0 1 2 0 2 0 0 0 0/0 13:09 0:00 1:08
Cam Atkinson 0 0 0 -1 0 1 1 0 1 0 0/1 9:10 0:00 0:00
Connor Bedard 0 2 2 -1 0 3 0 0 0 1 9/17 18:09 5:09 0:05
Connor McDavid 0 1 1 0 0 2 2 0 2 1 7/17 17:25 3:43 0:00
Dylan Samberg 0 0 0 0 0 0 1 1 1 1 0/0 16:32 0:00 2:39
Jason Zucker 0 0 0 -1 0 2 2 0 1 1 1/2 15:41 3:43 0:00
Joel Armia 2 0 2 0 0 5 1 1 0 0 0/2 20:55 5:09 1:56
Mason Appleton 1 0 1 1 0 5 0 1 1 0 0/2 13:33 0:00 2:12
Michael Kesselring 0 0 0 0 0 5 0 0 0 0 0/0 16:21 0:10 2:03
Nate Schmidt 0 0 0 0 0 3 0 2 0 0 0/0 18:30 5:00 0:00
Olen Zellweger 0 0 0 0 0 2 0 1 0 1 0/0 19:29 3:33 2:05
Oliver Ekman-Larsson 0 0 0 -1 4 1 0 3 1 0 0/0 24:07 3:42 0:43
Olli Maatta 0 0 0 -1 0 1 0 2 0 0 0/0 25:01 5:19 0:46
Ridly Greig 0 0 0 -1 0 0 4 0 0 0 2/3 10:50 0:00 0:59
Sam Steel 0 0 0 -1 0 2 0 0 0 0 0/0 9:10 0:00 0:00
3 Stars
1 - Joel Armia (WPG)
2 - Andre Burakovsky (WPG)
3 - Mason Appleton (WPG)
Power Play
Pittsburgh Penguins - 1 on 3 Attempt(s) - 33.33%
Winnipeg Jets - 3 on 6 Attempt(s) - 50.00%
Penalty Kill
Pittsburgh Penguins - 3 on 6 Attempt(s) - 50.00%
- Score 0 goal in Penalty Kill
Winnipeg Jets - 2 on 3 Attempt(s) - 66.67%
- Score 0 goal in Penalty Kill
Team Stat
Pittsburgh Penguins - Hits : 15 - Faceoff Wins : 31 - Blocked Shots : 11 - Penalty Minutes : 12
Winnipeg Jets - Hits : 18 - Faceoff Wins : 29 - Blocked Shots : 11 - Penalty Minutes : 6
Official
Referees : Garrett Rank and Ian Walsh
Linesman : Scott Cherrey and Derek Nansen
Game Notes
Mason Appleton is injured at 13:14 of 3rd period (Sprained Left Knee)
Finance
Level 1 -- Attendance: 6000 (100.00%) -- Ticket Income $552,000
Level 2 -- Attendance: 4674 (93.48%) -- Ticket Income $257,070
Level 3 -- Attendance: 2750 (91.67%) -- Ticket Income $82,500
Level 4 -- Attendance: 5000 (100.00%) -- Ticket Income $110,000
Luxury Box -- Attendance: 1000 (100.00%) -- Ticket Income $190,000
Game was played at the MTS Centre.
Total Attendance: 19424 (97.12%)
Total Ticket Income: $1,191,570
Other Income: $417,050
Total Income: $1,608,620
Pittsburgh Penguins
5 vs 5 Forward
Center Left Wing Right Wing Time % Phy DF OF
1 Leon Draisaitl Pavel Buchnevich Sam Reinhart 30 1 2 2
2 Phillip Danault Blake Coleman Mitchell Marner 30 1 2 2
3 Jean-Gabriel Pageau Dylan Guenther Jordan Eberle 25 1 2 2
4 Gabriel Vilardi Jake Neighbours James van Riemsdyk 15 1 2 2
5 vs 5 Defense
Defense Defense Time % Phy DF OF
1 Mattias Ekholm Erik Karlsson 35 1 2 2
2 Erik Gudbranson Brock Faber 35 1 2 2
3 Mark Giordano Brian Dumoulin 30 1 2 2
4 Mattias Ekholm Erik Karlsson 0 1 2 2
PowerPlay Forward
Center Left Wing Right Wing Time % Phy DF OF
1 Leon Draisaitl Pavel Buchnevich Sam Reinhart 50 1 2 2
2 Phillip Danault Blake Coleman Mitchell Marner 50 1 2 2
PowerPlay Defense
Defense Defense Time % Phy DF OF
1 Mattias Ekholm Erik Karlsson 50 1 2 2
2 Mark Giordano Brock Faber 50 1 2 2
Penalty Kill 4 Players Forward
Center Wing Time % Phy DF OF
1 Leon Draisaitl Sam Reinhart 50 1 2 2
2 Mitchell Marner Pavel Buchnevich 50 1 2 2
Penalty Kill 4 Players Defense
Defense Defense Time % Phy DF OF
1 Mattias Ekholm Erik Karlsson 50 1 2 2
2 Brian Dumoulin Brock Faber 50 1 2 2
Penalty Kill - 3 Players Forward
Forward Time % Phy DF OF
1 Leon Draisaitl 50 1 2 2
2 Sam Reinhart 50 1 2 2
Penalty Kill - 3 Players Defense
Defense Defense Time % Phy DF OF
1 Mattias Ekholm Erik Karlsson 50 1 2 2
2 Brian Dumoulin Brock Faber 50 1 2 2
4 vs 4 Forward
Center Wing Time % Phy DF OF
1 Leon Draisaitl Sam Reinhart 50 1 2 2
2 Mitchell Marner Pavel Buchnevich 50 1 2 2
4 vs 4 Defense
Defense Defense Time % Phy DF OF
1 Mattias Ekholm Erik Karlsson 50 1 2 2
2 Mark Giordano Brock Faber 50 1 2 2
Last Minutes Offensive
Center Left Wing Right Wing Defense Defense
Leon Draisaitl Pavel Buchnevich Sam Reinhart Mattias Ekholm Erik Karlsson
Last Minutes Defensive
Center Left Wing Right Wing Defense Defense
Leon Draisaitl Pavel Buchnevich Sam Reinhart Mattias Ekholm Erik Karlsson
Goaltenders
Starting : Marc-Andre Fleury
Backup : Jordan Binnington
Extra Forwards
Normal : Jake Neighbours, Jordan Eberle, Sam Reinhart - PP : Jake Neighbours, Jordan Eberle - PK : Leon Draisaitl
Extra Defensemen
Normal : Mark Giordano, Brian Dumoulin, Erik Karlsson - PP : Mark Giordano - PK : Brian Dumoulin, Mattias Ekholm
Penalty Shots
Leon Draisaitl, Sam Reinhart, Mitchell Marner, Pavel Buchnevich, Blake Coleman
Scratches
None
Winnipeg Jets
5 vs 5 Forward
Center Left Wing Right Wing Time % Phy DF OF
1 Connor McDavid Alexis Lafreniere Joel Armia 30 1 2 2
2 Connor Bedard Andre Burakovsky Jason Zucker 30 1 2 2
3 Adam Lowry Barclay Goodrow Mason Appleton 25 1 2 2
4 Ridly Greig Sam Steel Cam Atkinson 15 1 2 2
5 vs 5 Defense
Defense Defense Time % Phy DF OF
1 Oliver Ekman-Larsson Olli Maatta 30 1 2 2
2 Dylan Samberg Nate Schmidt 30 1 2 2
3 Michael Kesselring Olen Zellweger 25 1 2 2
4 Oliver Ekman-Larsson Olli Maatta 15 1 2 2
PowerPlay Forward
Center Left Wing Right Wing Time % Phy DF OF
1 Connor McDavid Alexis Lafreniere Jason Zucker 50 1 2 2
2 Connor Bedard Joel Armia Andre Burakovsky 50 1 2 2
PowerPlay Defense
Defense Defense Time % Phy DF OF
1 Oliver Ekman-Larsson Olen Zellweger 50 1 2 2
2 Nate Schmidt Olli Maatta 50 1 2 2
Penalty Kill 4 Players Forward
Center Wing Time % Phy DF OF
1 Adam Lowry Joel Armia 50 1 2 2
2 Barclay Goodrow Mason Appleton 50 1 2 2
Penalty Kill 4 Players Defense
Defense Defense Time % Phy DF OF
1 Olen Zellweger Oliver Ekman-Larsson 50 1 2 2
2 Dylan Samberg Michael Kesselring 50 1 2 2
Penalty Kill - 3 Players Forward
Forward Time % Phy DF OF
1 Adam Lowry 50 1 2 2
2 Barclay Goodrow 50 1 2 2
Penalty Kill - 3 Players Defense
Defense Defense Time % Phy DF OF
1 Olen Zellweger Dylan Samberg 50 1 2 2
2 Olli Maatta Oliver Ekman-Larsson 50 1 2 2
4 vs 4 Forward
Center Wing Time % Phy DF OF
1 Connor McDavid Jason Zucker 50 1 2 2
2 Adam Lowry Barclay Goodrow 50 1 2 2
4 vs 4 Defense
Defense Defense Time % Phy DF OF
1 Nate Schmidt Olli Maatta 50 1 2 2
2 Oliver Ekman-Larsson Dylan Samberg 50 1 2 2
Last Minutes Offensive
Center Left Wing Right Wing Defense Defense
Connor McDavid Alexis Lafreniere Connor Bedard Oliver Ekman-Larsson Olen Zellweger
Last Minutes Defensive
Center Left Wing Right Wing Defense Defense
Adam Lowry Barclay Goodrow Joel Armia Nate Schmidt Olli Maatta
Goaltenders
Starting : Martin Jones
Backup : Ukko-Pekka Luukkonen
Extra Forwards
Normal : Ridly Greig, Andre Burakovsky, Jason Zucker - PP : Ridly Greig, Sam Steel - PK : Ridly Greig
Extra Defensemen
Normal : Nate Schmidt, Michael Kesselring, Dylan Samberg - PP : Michael Kesselring - PK : Olen Zellweger, Dylan Samberg
Penalty Shots
Connor McDavid, Connor Bedard, Alexis Lafreniere, Andre Burakovsky, Jason Zucker
Scratches
Oliver Kylington (Healthy), Brayden Pachal (Healthy)
% Time on Ice - Pittsburgh Penguins
Lines # - Real PCT - Wanted PCT - Time Play
Normal Forward
1 - 27% - 30% - 12:28
2 - 32% - 30% - 14:55
3 - 24% - 25% - 11:18
4 - 18% - 15% - 8:17
Normal Defense
1 - 37% - 35% - 17:17
2 - 35% - 35% - 16:40
3 - 28% - 30% - 13:01
4 - 0% - 0% - 0:00
PP Forward
1 - 56% - 50% - 2:20
2 - 44% - 50% - 1:48
PP Defense
1 - 58% - 50% - 2:23
2 - 42% - 50% - 1:45
PK Forward
1 - 51% - 50% - 4:29
2 - 49% - 50% - 4:23
PK Defense
1 - 50% - 50% - 4:27
2 - 50% - 50% - 4:25
PK3 Forward
1 - 0% - 50%
2 - 0% - 50%
PK3 Defense
1 - 0% - 50%
2 - 0% - 50%
44 Forward
1 - 0% - 50%
2 - 0% - 50%
44 Defense
1 - 0% - 50%
2 - 0% - 50%
Last Minute Offensive - 0:02
Last Minute Defensive - 0:00
Total
Forward - 60:00
Defense - 60:00
|
% Time on Ice - Winnipeg Jets
Lines # - Real PCT - Wanted PCT - Time Play
Normal Forward
1 - 29% - 30% - 13:42
2 - 28% - 30% - 12:57
3 - 24% - 25% - 11:09
4 - 20% - 15% - 9:10
Normal Defense
1 - 30% - 30% - 14:06
2 - 30% - 30% - 13:56
3 - 28% - 25% - 13:18
4 - 12% - 15% - 5:38
PP Forward
1 - 42% - 50% - 3:43
2 - 58% - 50% - 5:09
PP Defense
1 - 44% - 50% - 3:52
2 - 56% - 50% - 5:00
PK Forward
1 - 47% - 50% - 1:56
2 - 53% - 50% - 2:12
PK Defense
1 - 50% - 50% - 2:05
2 - 50% - 50% - 2:03
PK3 Forward
1 - 0% - 50%
2 - 0% - 50%
PK3 Defense
1 - 0% - 50%
2 - 0% - 50%
44 Forward
1 - 0% - 50%
2 - 0% - 50%
44 Defense
1 - 0% - 50%
2 - 0% - 50%
Last Minute Offensive - 0:00
Last Minute Defensive - 0:02
Total
Forward - 60:00
Defense - 60:00
|
Play-by-Play
1st period
0:01 of 1st period - Connor McDavid wins face-off versus Leon Draisaitl in neutral zone.
0:26 of 1st period - Mitchell Marner is hit by Jason Zucker.
0:47 of 1st period - Off-side.
0:48 of 1st period - Adam Lowry wins face-off versus Jordan Eberle in neutral zone.
0:51 of 1st period - Jean-Gabriel Pageau is hit by Barclay Goodrow and loses puck.
1:16 of 1st period - Dylan Samberg is hit by Mark Giordano and loses puck.
1:26 of 1st period - Mark Giordano is hit by Dylan Samberg and loses puck.
2:00 of 1st period - Slapshot by Mark Giordano.
2:00 of 1st period - Stopped by Martin Jones without a rebound.
2:01 of 1st period - Phillip Danault wins face-off versus Connor McDavid in Winnipeg Jets zone.
2:06 of 1st period - Wrist shot by Mitchell Marner.
2:06 of 1st period - Stopped by Martin Jones with a rebound.
2:14 of 1st period - Snap shot by Phillip Danault.
2:14 of 1st period - Stopped by Martin Jones without a rebound.
2:15 of 1st period - Jean-Gabriel Pageau wins face-off versus Adam Lowry in Winnipeg Jets zone.
2:28 of 1st period - Wrist shot by Dylan Guenther.
2:28 of 1st period - Stopped by Martin Jones with a rebound.
2:30 of 1st period - Slapshot by Dylan Guenther.
2:30 of 1st period - Shot Misses the Net.
2:49 of 1st period - Snap shot by Leon Draisaitl.
2:49 of 1st period - Goal by Leon Draisaitl - Pittsburgh Penguins : 1 - Winnipeg Jets : 0.
2:50 of 1st period - Phillip Danault wins face-off versus Joel Armia in neutral zone.
2:57 of 1st period - Slapshot by Alexis Lafreniere.
2:57 of 1st period - Shot Misses the Net.
2:59 of 1st period - Slapshot by Joel Armia.
2:59 of 1st period - Stopped by Marc-Andre Fleury with a rebound.
3:01 of 1st period - Wrist shot by Alexis Lafreniere.
3:01 of 1st period - Shot Misses the Net.
3:17 of 1st period - Ridly Greig is hit by Jake Neighbours and loses puck.
3:30 of 1st period - Snap shot by Gabriel Vilardi.
3:30 of 1st period - Goal by Gabriel Vilardi - Pittsburgh Penguins : 2 - Winnipeg Jets : 0.
3:31 of 1st period - Jean-Gabriel Pageau wins face-off versus Connor Bedard in neutral zone.
3:44 of 1st period - Slapshot by Jordan Eberle.
3:44 of 1st period - Deflect By Jean-Gabriel Pageau.
3:44 of 1st period - Stopped by Martin Jones with a rebound.
3:46 of 1st period - Slapshot by Jean-Gabriel Pageau.
3:46 of 1st period - Shot Misses the Net.
5:24 of 1st period - Sam Reinhart is hit by Adam Lowry and loses puck.
5:35 of 1st period - Snap shot by Sam Reinhart.
5:35 of 1st period - Stopped by Martin Jones with a rebound.
5:45 of 1st period - Slapshot by Olen Zellweger.
5:45 of 1st period - Stopped by Marc-Andre Fleury with a rebound.
6:03 of 1st period - Minor Penalty to Mark Giordano for Roughing.
6:04 of 1st period - Connor McDavid wins face-off versus Leon Draisaitl in Pittsburgh Penguins zone.
6:10 of 1st period - Snap shot by Alexis Lafreniere.
6:10 of 1st period - Shot Blocked by Erik Karlsson.
7:27 of 1st period - Mattias Ekholm is hit by Jason Zucker and loses puck.
8:03 of 1st period - Penalty to Mark Giordano is over, Mark Giordano is back on ice.
8:06 of 1st period - Dylan Guenther is hit by Andre Burakovsky and loses puck.
8:21 of 1st period - Snap shot by Gabriel Vilardi.
8:21 of 1st period - Stopped by Martin Jones without a rebound.
8:22 of 1st period - Gabriel Vilardi wins face-off versus Mason Appleton in Winnipeg Jets zone.
8:31 of 1st period - Slapshot by Mason Appleton.
8:31 of 1st period - Stopped by Marc-Andre Fleury without a rebound.
8:32 of 1st period - Leon Draisaitl wins face-off versus Adam Lowry in Pittsburgh Penguins zone.
9:05 of 1st period - Snap shot by Mason Appleton.
9:05 of 1st period - Stopped by Marc-Andre Fleury without a rebound.
9:06 of 1st period - Jean-Gabriel Pageau wins face-off versus Connor Bedard in Pittsburgh Penguins zone.
10:33 of 1st period - Snap shot by Connor McDavid.
10:33 of 1st period - Shot Blocked by Mattias Ekholm.
10:49 of 1st period - Slapshot by Alexis Lafreniere.
10:49 of 1st period - Stopped by Marc-Andre Fleury with a rebound.
10:51 of 1st period - Slapshot by Olli Maatta.
10:51 of 1st period - Shot Misses the Net.
10:53 of 1st period - Wrist shot by Joel Armia.
10:53 of 1st period - Deflect By Dylan Guenther.
10:53 of 1st period - Stopped by Marc-Andre Fleury with a rebound.
10:55 of 1st period - Slapshot by Connor McDavid.
10:55 of 1st period - Shot Blocked by Erik Karlsson.
10:57 of 1st period - Snap shot by Connor McDavid.
10:57 of 1st period - Shot Blocked by Mattias Ekholm.
10:59 of 1st period - Wrist shot by Connor McDavid.
10:59 of 1st period - Stopped by Marc-Andre Fleury with a rebound.
11:01 of 1st period - Wrist shot by Joel Armia.
11:01 of 1st period - Shot Misses the Net.
11:24 of 1st period - Wrist shot by Connor McDavid.
11:24 of 1st period - Stopped by Marc-Andre Fleury without a rebound.
11:25 of 1st period - Connor Bedard wins face-off versus Phillip Danault in Pittsburgh Penguins zone.
11:36 of 1st period - Wrist shot by Jason Zucker.
11:36 of 1st period - Stopped by Marc-Andre Fleury with a rebound.
11:38 of 1st period - Wrist shot by Jason Zucker.
11:38 of 1st period - Shot Blocked by Mark Giordano.
11:40 of 1st period - Wrist shot by Jason Zucker.
11:40 of 1st period - Stopped by Marc-Andre Fleury without a rebound.
11:41 of 1st period - Leon Draisaitl wins face-off versus Ridly Greig in Pittsburgh Penguins zone.
11:50 of 1st period - Pavel Buchnevich is hit by Cam Atkinson and loses puck.
11:57 of 1st period - Snap shot by Sam Steel.
11:57 of 1st period - Shot Misses the Net.
12:37 of 1st period - Wrist shot by James van Riemsdyk.
12:37 of 1st period - Stopped by Martin Jones with a rebound.
12:51 of 1st period - Sam Reinhart is hit by Ridly Greig and loses puck.
12:56 of 1st period - Wrist shot by Cam Atkinson.
12:56 of 1st period - Shot Misses the Net.
13:26 of 1st period - Off-side.
13:27 of 1st period - Adam Lowry wins face-off versus Jean-Gabriel Pageau in neutral zone.
13:34 of 1st period - Snap shot by Mason Appleton.
13:34 of 1st period - Stopped by Marc-Andre Fleury without a rebound.
13:35 of 1st period - Pavel Buchnevich wins face-off versus Adam Lowry in Pittsburgh Penguins zone.
13:44 of 1st period - Slapshot by Pavel Buchnevich.
13:44 of 1st period - Stopped by Martin Jones with a rebound.
13:46 of 1st period - Snap shot by Leon Draisaitl.
13:46 of 1st period - Deflect By Pavel Buchnevich.
13:46 of 1st period - Stopped by Martin Jones with a rebound.
13:48 of 1st period - Snap shot by Sam Reinhart.
13:48 of 1st period - Shot Misses the Net.
13:50 of 1st period - Snap shot by Leon Draisaitl.
13:50 of 1st period - Stopped by Martin Jones with a rebound.
13:52 of 1st period - Wrist shot by Leon Draisaitl.
13:52 of 1st period - Shot Misses the Net.
14:30 of 1st period - Snap shot by Jordan Eberle.
14:30 of 1st period - Deflect By Dylan Guenther.
14:30 of 1st period - Stopped by Martin Jones without a rebound.
14:31 of 1st period - Leon Draisaitl wins face-off versus Connor McDavid in Winnipeg Jets zone.
14:32 of 1st period - Snap shot by Sam Reinhart.
14:32 of 1st period - Stopped by Martin Jones with a rebound.
14:58 of 1st period - Connor Bedard is hit by Mattias Ekholm and loses puck.
15:03 of 1st period - Wrist shot by Mitchell Marner.
15:03 of 1st period - Stopped by Martin Jones with a rebound.
15:05 of 1st period - Snap shot by Blake Coleman.
15:05 of 1st period - Shot Misses the Net.
15:07 of 1st period - Wrist shot by Mitchell Marner.
15:07 of 1st period - Shot Blocked by Nate Schmidt.
15:09 of 1st period - Snap shot by Mitchell Marner.
15:09 of 1st period - Stopped by Martin Jones without a rebound.
15:10 of 1st period - Adam Lowry wins face-off versus Gabriel Vilardi in Winnipeg Jets zone.
15:25 of 1st period - Wrist shot by Gabriel Vilardi.
15:25 of 1st period - Deflect By Olli Maatta.
15:25 of 1st period - Shot Misses the Net.
15:25 of 1st period - Puck is out of play.
15:26 of 1st period - Connor Bedard wins face-off versus Leon Draisaitl in Winnipeg Jets zone.
15:53 of 1st period - Brock Faber is hit by Joel Armia and loses puck.
16:45 of 1st period - Erik Karlsson is hit by Adam Lowry and loses puck.
17:06 of 1st period - Wrist shot by Pavel Buchnevich.
17:06 of 1st period - Stopped by Martin Jones with a rebound.
17:08 of 1st period - Wrist shot by Erik Karlsson.
17:08 of 1st period - Deflect By Sam Reinhart.
17:08 of 1st period - Stopped by Martin Jones with a rebound.
17:18 of 1st period - Snap shot by Connor McDavid.
17:18 of 1st period - Shot Misses the Net.
17:20 of 1st period - Snap shot by Connor McDavid.
17:20 of 1st period - Shot Misses the Net.
17:22 of 1st period - Slapshot by Michael Kesselring.
17:22 of 1st period - Stopped by Marc-Andre Fleury with a rebound.
17:24 of 1st period - Backhand shot by Michael Kesselring.
17:24 of 1st period - Stopped by Marc-Andre Fleury without a rebound.
17:25 of 1st period - Phillip Danault wins face-off versus Connor McDavid in Pittsburgh Penguins zone.
17:34 of 1st period - Snap shot by Phillip Danault.
17:34 of 1st period - Shot Misses the Net.
17:36 of 1st period - Wrist shot by Phillip Danault.
17:36 of 1st period - Shot Blocked by Oliver Ekman-Larsson.
17:38 of 1st period - Minor Penalty to Oliver Ekman-Larsson for Hooking.
17:39 of 1st period - Pavel Buchnevich wins face-off versus Adam Lowry in Winnipeg Jets zone.
19:26 of 1st period - Olli Maatta is hit by Mark Giordano and loses puck.
19:38 of 1st period - Penalty to Oliver Ekman-Larsson is over, Oliver Ekman-Larsson is back on ice.
Goals for this period are 2 for Pittsburgh Penguins vs 0 for Winnipeg Jets.
Shots for this period are 19 for Pittsburgh Penguins vs 13 for Winnipeg Jets.
2nd period
0:01 of 2nd period - Sam Reinhart wins face-off versus Jason Zucker in neutral zone.
0:12 of 2nd period - Wrist shot by Andre Burakovsky.
0:12 of 2nd period - Shot Misses the Net.
0:14 of 2nd period - Wrist shot by Connor Bedard.
0:14 of 2nd period - Shot Misses the Net.
0:27 of 2nd period - Minor Penalty to Oliver Ekman-Larsson for Hooking.
0:28 of 2nd period - Adam Lowry wins face-off versus Phillip Danault in Winnipeg Jets zone.
0:37 of 2nd period - Snap shot by Mitchell Marner.
0:37 of 2nd period - Deflect By Phillip Danault.
0:37 of 2nd period - Goal by Phillip Danault - Pittsburgh Penguins : 3 - Winnipeg Jets : 0.
0:38 of 2nd period - Adam Lowry wins face-off versus Phillip Danault in neutral zone.
0:43 of 2nd period - Snap shot by Mason Appleton.
0:43 of 2nd period - Shot Misses the Net.
1:01 of 2nd period - Minor Penalty to Barclay Goodrow for Hooking.
1:02 of 2nd period - Adam Lowry wins face-off versus Leon Draisaitl in Winnipeg Jets zone.
1:12 of 2nd period - Icing by Mattias Ekholm.
1:13 of 2nd period - Ridly Greig wins face-off versus Leon Draisaitl in Pittsburgh Penguins zone.
1:32 of 2nd period - Slapshot by Leon Draisaitl.
1:32 of 2nd period - Shot Blocked by Dylan Samberg.
2:04 of 2nd period - Wrist shot by Sam Reinhart.
2:04 of 2nd period - Deflect By Leon Draisaitl.
2:04 of 2nd period - Shot Blocked by Mason Appleton.
2:04 of 2nd period - Puck is out of play.
2:05 of 2nd period - Phillip Danault wins face-off versus Adam Lowry in Winnipeg Jets zone.
3:01 of 2nd period - Penalty to Barclay Goodrow is over, Barclay Goodrow is back on ice.
3:22 of 2nd period - Michael Kesselring is hit by Jake Neighbours and loses puck.
4:07 of 2nd period - Wrist shot by Alexis Lafreniere.
4:07 of 2nd period - Shot Blocked by Dylan Guenther.
4:45 of 2nd period - Slapshot by Leon Draisaitl.
4:45 of 2nd period - Shot Blocked by Oliver Ekman-Larsson.
4:47 of 2nd period - Snap shot by Leon Draisaitl.
4:47 of 2nd period - Shot Misses the Net.
4:49 of 2nd period - Wrist shot by Leon Draisaitl.
4:49 of 2nd period - Stopped by Martin Jones with a rebound.
4:51 of 2nd period - Backhand shot by Brian Dumoulin.
4:51 of 2nd period - Stopped by Martin Jones with a rebound.
5:01 of 2nd period - Alexis Lafreniere is hit by Mattias Ekholm and loses puck.
5:20 of 2nd period - Wrist shot by Alexis Lafreniere.
5:20 of 2nd period - Shot Misses the Net.
5:22 of 2nd period - Snap shot by Joel Armia.
5:22 of 2nd period - Deflect By Alexis Lafreniere.
5:22 of 2nd period - Stopped by Marc-Andre Fleury without a rebound.
5:23 of 2nd period - Pavel Buchnevich wins face-off versus Cam Atkinson in Pittsburgh Penguins zone.
6:30 of 2nd period - Jason Zucker is hit by Jake Neighbours and loses puck.
6:43 of 2nd period - Wrist shot by Adam Lowry.
6:43 of 2nd period - Stopped by Marc-Andre Fleury with a rebound.
6:45 of 2nd period - Slapshot by Adam Lowry.
6:45 of 2nd period - Shot Blocked by Blake Coleman.
6:47 of 2nd period - Wrist shot by Mason Appleton.
6:47 of 2nd period - Goal by Mason Appleton - Pittsburgh Penguins : 3 - Winnipeg Jets : 1.
6:48 of 2nd period - Adam Lowry wins face-off versus Leon Draisaitl in neutral zone.
6:48 of 2nd period - Adam Lowry is hit by Pavel Buchnevich.
7:03 of 2nd period - Icing by Leon Draisaitl.
7:04 of 2nd period - Connor McDavid wins face-off versus Leon Draisaitl in Pittsburgh Penguins zone.
7:08 of 2nd period - Icing by Erik Karlsson.
7:09 of 2nd period - Connor McDavid wins face-off versus Sam Reinhart in Pittsburgh Penguins zone.
7:18 of 2nd period - Slapshot by Connor McDavid.
7:18 of 2nd period - Shot Misses the Net.
7:30 of 2nd period - Snap shot by Pavel Buchnevich.
7:30 of 2nd period - Deflect By Sam Reinhart.
7:30 of 2nd period - Shot Misses the Net.
7:30 of 2nd period - Puck is out of play.
7:31 of 2nd period - Phillip Danault wins face-off versus Mason Appleton in Winnipeg Jets zone.
7:37 of 2nd period - Minor Penalty to Blake Coleman for High sticking.
7:38 of 2nd period - Mitchell Marner wins face-off versus Connor McDavid in Pittsburgh Penguins zone.
7:55 of 2nd period - Snap shot by Alexis Lafreniere.
7:55 of 2nd period - Shot Misses the Net.
9:37 of 2nd period - Penalty to Blake Coleman is over, Blake Coleman is back on ice.
11:19 of 2nd period - Cam Atkinson is hit by Jake Neighbours and loses puck.
11:38 of 2nd period - Wrist shot by Mitchell Marner.
11:38 of 2nd period - Stopped by Martin Jones without a rebound.
11:39 of 2nd period - Phillip Danault wins face-off versus Connor Bedard in Winnipeg Jets zone.
11:54 of 2nd period - Mitchell Marner is hit by Andre Burakovsky and loses puck.
11:59 of 2nd period - Slapshot by Connor Bedard.
11:59 of 2nd period - Shot Blocked by Phillip Danault.
12:01 of 2nd period - Wrist shot by Connor Bedard.
12:01 of 2nd period - Shot Misses the Net.
12:03 of 2nd period - Wrist shot by Andre Burakovsky.
12:03 of 2nd period - Stopped by Marc-Andre Fleury with a rebound.
12:05 of 2nd period - Slapshot by Michael Kesselring.
12:05 of 2nd period - Stopped by Marc-Andre Fleury with a rebound.
12:07 of 2nd period - Slapshot by Michael Kesselring.
12:07 of 2nd period - Stopped by Marc-Andre Fleury with a rebound.
12:09 of 2nd period - Wrist shot by Michael Kesselring.
12:09 of 2nd period - Stopped by Marc-Andre Fleury without a rebound.
12:10 of 2nd period - Connor McDavid wins face-off versus Leon Draisaitl in Pittsburgh Penguins zone.
12:21 of 2nd period - Slapshot by Joel Armia.
12:21 of 2nd period - Shot Misses the Net.
12:33 of 2nd period - Minor Penalty to Erik Gudbranson for Cross-checking.
12:34 of 2nd period - Connor McDavid wins face-off versus Mitchell Marner in Pittsburgh Penguins zone.
13:05 of 2nd period - Snap shot by Andre Burakovsky.
13:05 of 2nd period - Stopped by Marc-Andre Fleury without a rebound.
13:06 of 2nd period - Mitchell Marner wins face-off versus Connor McDavid in Pittsburgh Penguins zone.
13:19 of 2nd period - Snap shot by Alexis Lafreniere.
13:19 of 2nd period - Goal by Alexis Lafreniere - Pittsburgh Penguins : 3 - Winnipeg Jets : 2.
13:20 of 2nd period - Connor McDavid wins face-off versus Phillip Danault in neutral zone.
13:23 of 2nd period - Slapshot by Oliver Ekman-Larsson.
13:23 of 2nd period - Stopped by Marc-Andre Fleury without a rebound.
13:24 of 2nd period - Phillip Danault wins face-off versus Connor McDavid in Pittsburgh Penguins zone.
13:26 of 2nd period - Icing by Erik Karlsson.
13:27 of 2nd period - Phillip Danault wins face-off versus Joel Armia in Pittsburgh Penguins zone.
13:27 of 2nd period - Phillip Danault is hit by Connor McDavid.
13:46 of 2nd period - Slapshot by Erik Karlsson.
13:46 of 2nd period - Shot Blocked by Joel Armia.
13:48 of 2nd period - Slapshot by Erik Karlsson.
13:48 of 2nd period - Shot Misses the Net.
13:54 of 2nd period - Slapshot by Erik Karlsson.
13:54 of 2nd period - Shot Hit the Post.
14:08 of 2nd period - Wrist shot by Alexis Lafreniere.
14:08 of 2nd period - Stopped by Marc-Andre Fleury without a rebound.
14:09 of 2nd period - Adam Lowry wins face-off versus Pavel Buchnevich in Pittsburgh Penguins zone.
15:05 of 2nd period - Snap shot by Mason Appleton.
15:05 of 2nd period - Shot Misses the Net.
15:07 of 2nd period - Slapshot by Mason Appleton.
15:07 of 2nd period - Stopped by Marc-Andre Fleury without a rebound.
15:08 of 2nd period - Connor Bedard wins face-off versus Pavel Buchnevich in Pittsburgh Penguins zone.
15:45 of 2nd period - Snap shot by Dylan Guenther.
15:45 of 2nd period - Stopped by Martin Jones with a rebound.
16:05 of 2nd period - Snap shot by Phillip Danault.
16:05 of 2nd period - Shot Misses the Net.
16:48 of 2nd period - Icing by Connor McDavid.
16:49 of 2nd period - Jean-Gabriel Pageau wins face-off versus Connor McDavid in Winnipeg Jets zone.
16:54 of 2nd period - Wrist shot by Jordan Eberle.
16:54 of 2nd period - Shot Misses the Net.
16:56 of 2nd period - Snap shot by Dylan Guenther.
16:56 of 2nd period - Shot Blocked by Olli Maatta.
16:58 of 2nd period - Slapshot by Erik Gudbranson.
16:58 of 2nd period - Stopped by Martin Jones with a rebound.
18:18 of 2nd period - Wrist shot by Adam Lowry.
18:18 of 2nd period - Stopped by Marc-Andre Fleury with a rebound.
18:20 of 2nd period - Slapshot by Joel Armia.
18:20 of 2nd period - Shot Misses the Net.
18:36 of 2nd period - Minor Penalty to Erik Karlsson for Hooking.
18:37 of 2nd period - Connor Bedard wins face-off versus Mitchell Marner in Pittsburgh Penguins zone.
18:38 of 2nd period - Slapshot by Andre Burakovsky.
18:38 of 2nd period - Stopped by Marc-Andre Fleury with a rebound.
18:40 of 2nd period - Slapshot by Michael Kesselring.
18:40 of 2nd period - Shot Blocked by Mitchell Marner.
18:42 of 2nd period - Slapshot by Olen Zellweger.
18:42 of 2nd period - Stopped by Marc-Andre Fleury without a rebound.
18:43 of 2nd period - Connor Bedard wins face-off versus Mitchell Marner in Pittsburgh Penguins zone.
18:46 of 2nd period - Wrist shot by Connor Bedard.
18:46 of 2nd period - Deflect By Joel Armia.
18:46 of 2nd period - Goal by Joel Armia - Pittsburgh Penguins : 3 - Winnipeg Jets : 3.
18:47 of 2nd period - Leon Draisaitl wins face-off versus Andre Burakovsky in neutral zone.
18:52 of 2nd period - Snap shot by Sam Reinhart.
18:52 of 2nd period - Stopped by Martin Jones with a rebound.
18:54 of 2nd period - Slapshot by Leon Draisaitl.
18:54 of 2nd period - Shot Blocked by Olli Maatta.
19:41 of 2nd period - Minor Penalty to Mark Giordano for High sticking.
19:42 of 2nd period - Leon Draisaitl wins face-off versus Connor Bedard in Pittsburgh Penguins zone.
Goals for this period are 1 for Pittsburgh Penguins vs 3 for Winnipeg Jets.
Shots for this period are 7 for Pittsburgh Penguins vs 16 for Winnipeg Jets.
3rd period
0:01 of 3rd period - Leon Draisaitl wins face-off versus Connor McDavid in neutral zone.
0:45 of 3rd period - Off-side.
0:46 of 3rd period - Leon Draisaitl wins face-off versus Connor McDavid in neutral zone.
1:11 of 3rd period - Snap shot by Andre Burakovsky.
1:11 of 3rd period - Stopped by Marc-Andre Fleury with a rebound.
1:41 of 3rd period - Penalty to Mark Giordano is over, Mark Giordano is back on ice.
2:09 of 3rd period - Mattias Ekholm is hit by Ridly Greig and loses puck.
2:58 of 3rd period - Olen Zellweger is hit by Sam Reinhart and loses puck.
3:09 of 3rd period - Slapshot by Olen Zellweger.
3:09 of 3rd period - Deflect By Mason Appleton.
3:09 of 3rd period - Shot Misses the Net.
3:09 of 3rd period - Puck is out of play.
3:10 of 3rd period - Adam Lowry wins face-off versus Jean-Gabriel Pageau in Pittsburgh Penguins zone.
3:32 of 3rd period - Brock Faber is hit by Barclay Goodrow and loses puck.
4:19 of 3rd period - Snap shot by Jordan Eberle.
4:19 of 3rd period - Stopped by Martin Jones without a rebound.
4:20 of 3rd period - Leon Draisaitl wins face-off versus Connor Bedard in Winnipeg Jets zone.
4:46 of 3rd period - Erik Karlsson is hit by Connor McDavid and loses puck.
5:11 of 3rd period - Slapshot by Leon Draisaitl.
5:11 of 3rd period - Deflect By Sam Reinhart.
5:11 of 3rd period - Shot Blocked by Oliver Ekman-Larsson.
5:11 of 3rd period - Puck is out of play.
5:12 of 3rd period - Connor Bedard wins face-off versus Phillip Danault in Winnipeg Jets zone.
6:54 of 3rd period - Brian Dumoulin is hit by Ridly Greig and loses puck.
7:35 of 3rd period - Wrist shot by Connor Bedard.
7:35 of 3rd period - Stopped by Marc-Andre Fleury with a rebound.
7:53 of 3rd period - Wrist shot by Mitchell Marner.
7:53 of 3rd period - Shot Blocked by Nate Schmidt.
7:55 of 3rd period - Slapshot by Mattias Ekholm.
7:55 of 3rd period - Stopped by Martin Jones with a rebound.
7:57 of 3rd period - Wrist shot by Mitchell Marner.
7:57 of 3rd period - Stopped by Martin Jones with a rebound.
7:59 of 3rd period - Slapshot by Erik Karlsson.
7:59 of 3rd period - Stopped by Martin Jones without a rebound.
8:00 of 3rd period - Phillip Danault wins face-off versus Connor McDavid in Winnipeg Jets zone.
8:03 of 3rd period - Snap shot by Mitchell Marner.
8:03 of 3rd period - Stopped by Martin Jones with a rebound.
8:37 of 3rd period - Snap shot by Leon Draisaitl.
8:37 of 3rd period - Stopped by Martin Jones with a rebound.
8:39 of 3rd period - Snap shot by Pavel Buchnevich.
8:39 of 3rd period - Shot Misses the Net.
8:41 of 3rd period - Snap shot by Sam Reinhart.
8:41 of 3rd period - Shot Misses the Net.
9:22 of 3rd period - Snap shot by Jordan Eberle.
9:22 of 3rd period - Stopped by Martin Jones with a rebound.
9:54 of 3rd period - Dylan Samberg is hit by Pavel Buchnevich and loses puck.
10:37 of 3rd period - Slapshot by Cam Atkinson.
10:37 of 3rd period - Stopped by Marc-Andre Fleury with a rebound.
10:39 of 3rd period - Slapshot by Nate Schmidt.
10:39 of 3rd period - Stopped by Marc-Andre Fleury with a rebound.
10:41 of 3rd period - Slapshot by Nate Schmidt.
10:41 of 3rd period - Stopped by Marc-Andre Fleury with a rebound.
10:43 of 3rd period - Snap shot by Sam Steel.
10:43 of 3rd period - Stopped by Marc-Andre Fleury without a rebound.
10:44 of 3rd period - Connor Bedard wins face-off versus Phillip Danault in Pittsburgh Penguins zone.
11:21 of 3rd period - Slapshot by Oliver Ekman-Larsson.
11:21 of 3rd period - Shot Blocked by Mattias Ekholm.
12:14 of 3rd period - Slapshot by Connor McDavid.
12:14 of 3rd period - Shot Misses the Net.
12:16 of 3rd period - Slapshot by Alexis Lafreniere.
12:16 of 3rd period - Deflect By Gabriel Vilardi.
12:16 of 3rd period - Shot Misses the Net.
12:16 of 3rd period - Puck is out of play.
12:17 of 3rd period - Phillip Danault wins face-off versus Connor Bedard in Pittsburgh Penguins zone.
12:24 of 3rd period - Snap shot by Connor Bedard.
12:24 of 3rd period - Stopped by Marc-Andre Fleury without a rebound.
12:25 of 3rd period - Phillip Danault wins face-off versus Connor Bedard in Pittsburgh Penguins zone.
13:13 of 3rd period - Mason Appleton is hit by Phillip Danault and loses puck.
13:14 of 3rd period - Mason Appleton from Winnipeg Jets is injured at 13:14 of 3rd period (Sprained Left Knee).
13:15 of 3rd period - Connor Bedard wins face-off versus Leon Draisaitl in Winnipeg Jets zone.
13:44 of 3rd period - Wrist shot by Alexis Lafreniere.
13:44 of 3rd period - Shot Misses the Net.
13:46 of 3rd period - Wrist shot by Joel Armia.
13:46 of 3rd period - Stopped by Marc-Andre Fleury with a rebound.
14:10 of 3rd period - Wrist shot by Jordan Eberle.
14:10 of 3rd period - Stopped by Martin Jones with a rebound.
14:12 of 3rd period - Slapshot by Brian Dumoulin.
14:12 of 3rd period - Stopped by Martin Jones without a rebound.
14:13 of 3rd period - Connor Bedard wins face-off versus Leon Draisaitl in Winnipeg Jets zone.
14:30 of 3rd period - Wrist shot by Sam Reinhart.
14:30 of 3rd period - Shot Blocked by Olen Zellweger.
15:06 of 3rd period - Snap shot by Jordan Eberle.
15:06 of 3rd period - Stopped by Martin Jones with a rebound.
15:30 of 3rd period - Andre Burakovsky is hit by Brock Faber and loses puck.
16:11 of 3rd period - Wrist shot by Phillip Danault.
16:11 of 3rd period - Shot Misses the Net.
16:13 of 3rd period - Snap shot by Blake Coleman.
16:13 of 3rd period - Stopped by Martin Jones without a rebound.
16:14 of 3rd period - Ridly Greig wins face-off versus Phillip Danault in Winnipeg Jets zone.
16:25 of 3rd period - Blake Coleman is hit by Ridly Greig and loses puck.
17:02 of 3rd period - Wrist shot by Cam Atkinson.
17:02 of 3rd period - Deflect By Sam Steel.
17:02 of 3rd period - Stopped by Marc-Andre Fleury with a rebound.
17:30 of 3rd period - Snap shot by Mitchell Marner.
17:30 of 3rd period - Stopped by Martin Jones with a rebound.
17:40 of 3rd period - Cam Atkinson is hit by Blake Coleman and loses puck.
17:58 of 3rd period - Minor Penalty to Blake Coleman for Tripping.
17:59 of 3rd period - Jason Zucker wins face-off versus Leon Draisaitl in Pittsburgh Penguins zone.
18:15 of 3rd period - Brock Faber is hit by Alexis Lafreniere and loses puck.
18:34 of 3rd period - Wrist shot by Olli Maatta.
18:34 of 3rd period - Stopped by Marc-Andre Fleury without a rebound.
18:35 of 3rd period - Jean-Gabriel Pageau wins face-off versus Connor Bedard in Pittsburgh Penguins zone.
18:58 of 3rd period - Andre Burakovsky is hit by Sam Reinhart and loses puck.
19:21 of 3rd period - Snap shot by Nate Schmidt.
19:21 of 3rd period - Deflect By Erik Karlsson.
19:21 of 3rd period - Stopped by Marc-Andre Fleury with a rebound.
19:23 of 3rd period - Wrist shot by Andre Burakovsky.
19:23 of 3rd period - Shot Blocked by Erik Karlsson.
19:39 of 3rd period - Snap shot by Connor Bedard.
19:39 of 3rd period - Stopped by Marc-Andre Fleury with a rebound.
19:55 of 3rd period - Slapshot by Connor Bedard.
19:55 of 3rd period - Shot Misses the Net.
19:57 of 3rd period - Snap shot by Joel Armia.
19:57 of 3rd period - Goal by Joel Armia - Pittsburgh Penguins : 3 - Winnipeg Jets : 4.
19:58 of 3rd period - Adam Lowry wins face-off versus Leon Draisaitl in neutral zone.
Goals for this period are 0 for Pittsburgh Penguins vs 1 for Winnipeg Jets.
Shots for this period are 12 for Pittsburgh Penguins vs 13 for Winnipeg Jets.
Back to the Top